 Dungeon Crawl Stone Soup version 0.28-a0-851-g8b9cc49659 (webtiles) character file.

Game seed: 11403088171598240534

54271 freelancePsychic the Severer (level 14, 0/140 HPs)
             Began as a Minotaur Berserker on Nov 15, 2021.
             Was a High Priest of Trog.
             Slain by a wyvern (2 damage)
             ... while petrified by a basilisk
             ... on level 6 of the Lair of Beasts.
             The game lasted 00:39:00 (19468 turns).

freelancePsychic the Severer (Minotaur Berserker)  Turns: 19468, Time: 00:39:00

Health: 0/140      AC: 15    Str: 29    XL:     14   Next: 34%
Magic:  13/13      EV:  2    Int:  4    God:    Trog [*****.]
Gold:   1338       SH:  0    Dex: 14    Spells: 13/13 levels left

rFire   + + .      SeeInvis +   a - +0 broad axe (flame)
rCold   x . .      Faith    .   y - +2 kite shield
rNeg    + + +      Spirit   .   o - +0 chain mail
rPois   ∞          Reflect  .   Q - +2 hat {SInv}
rElec   .          Harm     .   O - +2 cloak {rF+}
rCorr   .          Rampage  .   (no gloves)
Will    +....                   (no boots)
Stlth   ..........              D - amulet of regeneration
HPRegen 1.33/turn               p - +6 ring of strength
MPRegen 0.13/turn               l - ring of fire

@: petrified, on berserk cooldown, slowed
A: horns 2, retaliatory headbutt
a: Renounce Religion, Berserk, Trog's Hand, Brothers in Arms


You were on level 6 of the Lair of Beasts.
You worshipped Trog.
Trog was extremely pleased with you.
You visited 2 branches of the dungeon, and saw 18 of its levels.
You also visited: Volcano.

You collected 1338 gold pieces.

Inventory:

Hand Weapons
 a - a +0 broad axe of flaming (weapon)
 b - a +2 morningstar
Missiles
 q - 39 poisoned darts (quivered)
 r - 4 boomerangs
 I - 4 throwing nets
Armour
 o - a +0 chain mail (worn)
 y - a +2 kite shield (worn)
 O - a +2 cloak of fire resistance (worn)
 Q - a +2 hat of see invisible (worn)
Jewellery
 h - a ring of see invisible
 l - a ring of fire (right hand)
 p - a +6 ring of strength (left hand)
 D - an amulet of regeneration (around neck)
 L - a +6 ring of dexterity
 N - an amulet of magic regeneration
 R - a +6 ring of dexterity
 U - a +4 ring of slaying
Wands
 w - a wand of flame (11)
 x - a wand of digging (15)
 B - a wand of paralysis (14)
 H - a wand of acid (18)
 P - a wand of mindburst (13)
 S - a wand of charming (10)
Scrolls
 c - 3 scrolls of enchant armour
 f - 5 scrolls of fear
 t - 6 scrolls of teleportation {@r4}
 v - a scroll of holy word
 A - 4 scrolls of immolation
 C - 3 scrolls of magic mapping
 F - 2 scrolls of vulnerability
 M - a scroll of blinking
 T - a scroll of summoning
Potions
 d - 3 potions of attraction
 e - 4 potions of lignification
 g - 4 potions of might
 i - 7 potions of curing {@q1}
 j - 3 potions of degeneration {unknown}
 k - 2 potions of mutation
 m - 2 potions of magic {unknown}
 n - 2 potions of berserk rage {unknown}
 s - 3 potions of flight
 u - 3 potions of heal wounds {unknown}
 E - 2 potions of cancellation
 G - 2 potions of haste {@q3}
 J - 2 potions of invisibility
 K - a potion of resistance {unknown}


   Skills:
 + Level 17.0 Fighting
 - Level 17.0(18.0) Axes
 - Level 9.7(14.5) Maces & Flails
 - Level 7.1 Armour
 - Level 2.1 Dodging
 + Level 14.9 Shields


You had 13 spell levels left.
You didn't know any spells.
Your spell library was empty.

Dungeon Overview and Level Annotations

Branches:
Dungeon (12/15)            Temple (0/1) D:5            Lair (6/6) D:9
  Swamp (0/4) Lair:2        Snake (0/4) Lair:3          Orc (0/2) D:11
Volcano (visited)
  Slime: Lair:5-6

Altars:
Dithmenos
Gozag
Hepliaklqana
Qazlal
Ru
Vehumet
The Shining One

Shops:
D:1 !   D:6 *   D:7 [

Annotations:
D:6 2 runed translucent doors, ryw's ghost, novice DECj


Innate Abilities, Weirdness & Mutations

You have a pair of horns on your head.
You reflexively headbutt those who attack you in melee.


Message History

* * * LOW HITPOINT WARNING * * *
The basilisk gazes at you.
You easily resist.
The wyvern bites you but does no damage.
The hell hound bites you but does no damage.
The wyvern bites you.
* * * LOW HITPOINT WARNING * * *
The hell hound bites you.
The wyvern bites you but does no damage.
The seven-headed hydra bites you.
* * * LOW HITPOINT WARNING * * *
The seven-headed hydra bites you but does no damage.
The seven-headed hydra bites you.
The seven-headed hydra bites you but does no damage.
The seven-headed hydra bites you!
* * * LOW HITPOINT WARNING * * *
The seven-headed hydra bites you but does no damage.
The seven-headed hydra bites you.
* * * LOW HITPOINT WARNING * * *
The basilisk barely misses you. The wyvern bites you.
* * * LOW HITPOINT WARNING * * *
The hell hound bites you but does no damage.
The wyvern bites you.
A hell rat comes into view.
The seven-headed hydra bites you but does no damage.
The seven-headed hydra bites you!
* * * LOW HITPOINT WARNING * * *
The seven-headed hydra bites you!
* * * LOW HITPOINT WARNING * * *
The seven-headed hydra barely misses you.
The seven-headed hydra bites you!
* * * LOW HITPOINT WARNING * * *
The seven-headed hydra bites you but does no damage. x2
The basilisk bites you but does no damage.
The wyvern bites you but does no damage.
The hell hound bites you.
* * * LOW HITPOINT WARNING * * *
The wyvern bites you.
You die...

...........#...
...)........P....
...........[.....
.......?...........
...................
.....^............l
.......<.....P.....
........l†......#P.
.....(.lh@.#.......
.......llDl........
.......krrl........
......h)....F......
##.................
###P.........##..#
#..........# ..
#r..#..#...# #
..######....


You could see a seven-headed hydra, 3 basilisks, a blink frog, a rime drake, 2
hell hounds, 3 wyverns and 3 hell rats.

Vanquished Creatures
  Josephine (Lair:4)
  Harold (D:11)
  11 hydras
  3 two-headed ogres
  9 death yaks
  5 skeletal warriors
  A bog body (Lair:2)
  Pikel (D:7)
  An anaconda skeleton (Volcano)
  2 ugly things
  A manticore (D:12)
  2 cyclopes
  5 centaur zombies
  8 elephants (Lair:4)
  5 black mambas (Lair:5)
  Joseph (D:7)
  5 gargoyles
  5 kobold demonologists
  3 rime drakes
  9 cane toads
  7 komodo dragons
  A troll (D:10)
  3 polar bears
  14 blink frogs
  3 flying skulls (Volcano)
  An alligator skeleton (Volcano)
  A shadow (D:9)
  A vampire (D:12)
  6 wraiths
  42 yaks
  2 wyverns (Lair:3)
  2 basilisks
  A steam dragon (D:8)
  6 vampire mosquitoes
  Duvessa (D:7)
  2 acid dragons
  12 water moccasins
  4 orc warriors
  A black bear (Lair:4)
  A sky beast (D:7)
  2 ice beasts
  2 necrophages
  4 ogres (D:5)
  8 wolves (Lair:4)
  9 centaurs
  A phantom (D:5)
  7 kobold brigands
  A gnoll sergeant (D:4)
  10 bullfrogs
  A wyvern zombie (D:9)
  2 scorpions
  Dowan (D:7)
  9 killer bees (D:9)
  An electric eel (D:9)
  2 howler monkeys
  2 troll skeletons (Volcano)
  4 wights
  3 hounds
  A jelly (D:5)
  3 orc priests
  A gnoll shaman (D:9)
  A bullfrog skeleton (D:6)
  Terence (D:3)
  Natasha (thrice) (D:3)
  2 iguanas
  8 orc wizards
  A naga skeleton (Volcano)
  Robin (D:3)
  6 adders
  14 gnolls
  A howler monkey skeleton (D:5)
  A shadow imp (D:7)
  A white imp (D:5)
  An ufetubus (D:6)
  2 dart slugs (D:4)
  23 orcs
  11 endoplasms
  3 giant cockroaches
  12 goblins
  11 hobgoblins
  24 kobolds
  4 quokkas
  4 ball pythons
  5 bats
  5 frilled lizards
  7 rats
416 creatures vanquished.

Vanquished Creatures (others)
  A shadow imp (D:8)
  11 fungi
  16 plants
28 creatures vanquished.

Grand Total: 444 creatures vanquished

Notes
Turn   | Place    | Note
-------+----------+-------------------------------------------
     0 | D:1      | freelancePsychic the Minotaur Berserker began the quest for
                  | the Orb.
     0 | D:1      | Reached XP level 1. HP: 19/19 MP: 0/0
   222 | D:1      | Found Ene Ocel's Distillery.
   231 | D:1      | Reached XP level 2. HP: 22/27 MP: 1/1
   846 | D:1      | Reached XP level 3. HP: 27/33 MP: 2/2
  1202 | D:1      | Reached ** piety under Trog
  1525 | D:2      | Reached skill level 5 in Axes
  1645 | D:2      | Reached XP level 4. HP: 41/41 MP: 3/3
  2224 | D:3      | Noticed Natasha
  2230 | D:3      | Killed Natasha
  2231 | D:3      | Reached skill level 5 in Fighting
  2231 | D:3      | Reached XP level 5. HP: 40/48 MP: 4/4
  2312 | D:3      | Found a shadowy altar of Dithmenos.
  2846 | D:3      | Reached XP level 6. HP: 48/56 MP: 5/5
  2961 | D:3      | Noticed Natasha
  2965 | D:3      | Killed Natasha
  3051 | D:3      | Noticed Robin
  3076 | D:3      | Killed Robin
  3101 | D:3      | Noticed Natasha
  3104 | D:3      | Found a radiant altar of Vehumet.
  3154 | D:3      | Killed Natasha
  3154 | D:3      | Reached *** piety under Trog
  3239 | D:3      | Noticed Terence
  3241 | D:3      | Killed Terence
  4226 | D:4      | Reached XP level 7. HP: 63/63 MP: 6/6
  4419 | D:5      | Entered Level 5 of the Dungeon
  4709 | D:5      | Found a hazy altar of Hepliaklqana.
  4801 | D:5      | Found an opulent altar of Gozag.
  5068 | D:5      | Reached XP level 8. HP: 71/71 MP: 7/7
  5301 | D:5      | Reached skill level 10 in Axes
  5301 | D:5      | Reached skill level 5 in Armour
  5696 | D:5      | Found a staircase to the Ecumenical Temple.
  6016 | D:6      | Found Botep's General Store.
  6032 | D:6      | Reached **** piety under Trog
  6207 | D:6      | Found a runed translucent door.
  6225 | D:6      | Reached XP level 9. HP: 81/81 MP: 8/8
  6317 | D:6      | Found a runed translucent door.
  6318 | D:6      | Noticed ryw's ghost (novice DECj)
  6472 | D:6      | Found a stormy altar of Qazlal.
  6778 | D:7      | Noticed Joseph
  6787 | D:7      | Killed Joseph
  7035 | D:7      | Found Cunuow's Armour Shop.
  7068 | D:7      | Reached skill level 1 in Maces & Flails
  7100 | D:7      | Noticed Pikel
  7108 | D:7      | Killed Pikel
  7184 | D:7      | Noticed Dowan
  7184 | D:7      | Noticed Duvessa
  7207 | D:7      | Killed Duvessa
  7214 | D:7      | Killed Dowan
  8000 | D:8      | Reached skill level 5 in Maces & Flails
  8398 | D:8      | Reached XP level 10. HP: 81/91 MP: 9/9
  8759 | D:9      | Noticed a two-headed ogre
  9182 | D:9      | Reached skill level 10 in Fighting
  9434 | D:9      | Killed a two-headed ogre
  9435 | D:9      | Reached skill level 5 in Shields
  9944 | D:9      | Found a staircase to the Lair.
 10555 | D:10     | Entered Level 10 of the Dungeon
 10696 | D:10     | Noticed a sixfirhy
 10788 | D:10     | Reached XP level 11. HP: 99/102 MP: 10/10
 11454 | D:11     | Noticed a two-headed ogre
 11459 | D:11     | Killed a two-headed ogre
 12154 | D:11     | Noticed Harold
 12161 | D:11     | Killed Harold
 12612 | D:11     | Found a staircase to the Orcish Mines.
 12619 | D:11     | Reached ***** piety under Trog
 12988 | D:11     | Noticed a brown ugly thing
 12994 | D:11     | Killed a brown ugly thing
 13502 | D:12     | Noticed a five-headed hydra
 13508 | D:12     | Killed a six-headed hydra
 13513 | D:12     | Reached XP level 12. HP: 113/113 MP: 11/11
 13708 | D:12     | Noticed a two-headed ogre
 13712 | D:12     | Killed a two-headed ogre
 13778 | D:12     | Noticed a five-headed hydra
 13783 | D:12     | Killed a five-headed hydra
 14165 | D:12     | Noticed a seven-headed hydra
 14171 | D:12     | Killed a seven-headed hydra
 14172 | D:12     | Reached skill level 15 in Axes
 14645 | D:12     | Reached skill level 10 in Shields
 14796 | D:12     | Found a glowing golden altar of the Shining One.
 15115 | Lair:1   | Entered Level 1 of the Lair of Beasts
 15688 | Lair:1   | Noticed a six-headed hydra
 15697 | Lair:1   | Killed a six-headed hydra
 15944 | Lair:1   | Noticed a four-headed hydra
 15954 | Lair:1   | Killed a four-headed hydra
 16219 | Lair:2   | Found a dark tunnel.
 16231 | Volcano  | Entered a volcano
 16315 | Volcano  | Reached XP level 13. HP: 96/123 MP: 12/12
 16502 | Volcano  | Received a gift from Trog
 16509 | Volcano  | Identified the +1 helmet of Dogmatism {rF+ Int+7}
 16935 | Lair:2   | Found a staircase to the Swamp.
 17191 | Lair:3   | Found a staircase to the Snake Pit.
 17695 | Lair:4   | Reached skill level 15 in Fighting
 17732 | Lair:4   | Found a sacrificial altar of Ru.
 17893 | Lair:4   | Noticed Josephine
 17908 | Lair:4   | Killed Josephine
 18323 | Lair:4   | Reached XP level 14. HP: 131/137 MP: 13/13
 18441 | Lair:4   | Identified a scroll of acquirement
 18442 | Lair:4   | Acquired a +0 hat of see invisible
 19409 | Lair:6   | Entered Level 6 of the Lair of Beasts
 19468 | Lair:6   | HP: 7/140 [seven-headed hydra (5)]
 19468 | Lair:6   | HP: 3/140 [seven-headed hydra (4)]
 19468 | Lair:6   | Slain by a wyvern

Illustrated notes

Levels and vault maps discovered:
D:1:      evilmike_arrival_fibonacci_small, layout_basic, serial_forest,
          infiniplex_forest_lined_room_2, infiniplex_forest_zigzag_1,
          infiniplex_forest_clump_tiny, infiniplex_forest_lined_3_way,
          infiniplex_forest_pool, infiniplex_forest_lined_room_2,
          infiniplex_forest_lined_room_, infiniplex_forest_lined_room_,
          infiniplex_forest_side_room, infiniplex_forest_lined_2, serial_shops,
          nicolae_shop_window_shopping, chequers_serial_rivers_micro_a,
          minmay_hedge_maze, wander_ebering_terrifying_dragon_lair
D:2:      layout_loops_ring
D:3:      layout_loops_corners, vehumet_crystals,
          grunt_dithmenos_smoke_and_mirrors, uniq_terence, uniq_robin,
          uniq_natasha
D:4:      layout_basic, lightli_minifort
D:5:      layout_basic, mainiacjoe_overflow_large_starburst,
          minmay_temple_entry_purple_smoke, st_stairs_13,
          chequers_serial_rivers_room_a
D:6:      layout_rooms, lemuel_doored_altar, serial_shops,
          nicolae_shop_waterfront, ebering_ghost_sewer_f
D:7:      layout_loops_ring, serial_shops, nicolae_stop_n_shop_2, uniq_joseph,
          uniq_duvessa, uniq_pikel
D:8:      layout_basic
D:9:      layout_big_octagon
D:10:     layout_loops_ring, minmay_misc_feat_cross
D:11:     layout_roguey, david_orc_2, corexii_checkpoint_a,
          minmay_tree_intersection, uniq_harold
D:12:     layout_stronghold, nicolae_tso_swordbearing_angel
Lair:1:   layout_hall_layers
Lair:2:   layout_misc_corridors, skrybe_swamp_entry_bodies, enter_volcano_1
Lair:3:   layout_misc_corridors, dummy_snake_entry
Lair:4:   layout_gridlike, basic_altar, uniq_josephine
Lair:5:   layout_regular_city, chequers_serial_rivers_micro_e, st_stairs_6
Lair:6:   hellmonk_lair_end_abyssal_woods, layout_cave_shapes, slime_altar_1,
          special_room [special_room_mythical_zoo], worms_lemuel,
          infiniplex_staircase_pool_2

Skill      XL: |  1  2  3  4  5  6  7  8  9 10 11 12 13 14 |
---------------+-------------------------------------------+-----
Axes           | 4 5 6 7 9 11 14 16 17 | 17.0
Fighting       | 4 5 6 8 9 11 12 13 16 17 | 17.0
Armour         | 3 4 6 7 |  7.1
Maces & Flails | 5 9 |  9.7
Shields        | 3 6 9 11 13 14 | 14.9
Dodging        | |  2.1

Action                   |  1- 3 |  4- 6 |  7- 9 | 10-12 | 13-15 || total
-------------------------+-------+-------+-------+-------+-------++-------
Melee: Hand axe          |    81 |   148 |   139 |       |       ||   368
       Headbutt          |    13 |    23 |    55 |   118 |    88 ||   297
       Morningstar       |       |       |    57 |   164 |       ||   221
       Broad axe         |       |       |       |   249 |   319 ||   568
Throw: Dart              |       |       |     2 |     7 |       ||     9
Invok: Berserk           |     1 |     4 |    11 |    18 |     4 ||    38
       Trog's Hand       |       |       |     3 |     2 |       ||     5
       Brothers in Arms  |       |       |       |     1 |       ||     1
Evoke: Wand              |       |       |       |     6 |     1 ||     7
  Use: Scroll            |     2 |     1 |     5 |     7 |    10 ||    25
       Potion            |       |       |       |     3 |       ||     3
 Stab: Distracted        |       |       |       |     1 |       ||     1
Armor: Animal skin       |     6 |       |       |       |       ||     6
       Scale mail        |     7 |    49 |     2 |       |       ||    58
       Chain mail        |       |       |    85 |   170 |   136 ||   391
       Skin              |       |       |       |    19 |       ||    19
Dodge: Dodged            |    46 |    64 |    74 |   185 |    76 ||   445
Block: Kite shield       |       |       |       |    87 |   209 ||   296

Table legend: (Time is in decaauts)
 A = Elapsed time spent in this place.
 B = Non-inter-level travel time spent in this place.
 C = Inter-level travel time spent in this place.
 D = Time resting spent in this place.
 E = Time spent auto-exploring this place.
 F = Levels seen in this place.
 G = Mean time per level.
                   A        B        C        D        E       F      G
               +--------+--------+--------+--------+--------+-----+--------+
         Total |  19705 |  19150 |    555 |   3666 |  12925 |  19 | 1037.1 |
       Dungeon |  15398 |  14946 |    452 |   3387 |   9854 |  12 | 1283.2 |
          Lair |   3822 |   3720 |    102 |    218 |   2803 |   6 |  637.0 |
       Volcano |    484 |    484 |      0 |     61 |    268 |   1 |  484.0 |
               +--------+--------+--------+--------+--------+-----+--------+

Top non-repeatable levels by time:
    D:11: 1819 daAuts
    D:12: 1739 daAuts
     D:9: 1553 daAuts
     D:3: 1437 daAuts
     D:5: 1414 daAuts
     D:1: 1295 daAuts
     D:8: 1257 daAuts
     D:7: 1093 daAuts
    D:10: 1085 daAuts
  Lair:1: 1048 daAuts
     D:4: 946 daAuts
  Lair:4: 943 daAuts
     D:2: 934 daAuts
     D:6: 821 daAuts
  Lair:5: 763 daAuts
